AoeStats
← Metal

Glade

510441646Analyzed
1v1 RM · 18h ago on Oct 1, 2026· 47m 3s· 2 players
Game mode
Random Map
Map size
Tiny (2 player)
Population
200
Speed
Normal
Resources
Standard
Victory
Conquest
Starting age
Dark Age
Ending age
Imperial Age
RankedLock teamsTeams togetherTeam positionsShared explorationLock speedFull tech treeHidden civsTurbo modeCheats
Victory
Defeat
🇨🇴 Aztecs · Colombia
923
+17
🇦🇷 Japanese · Argentina
934
-17
Shaka
2:43 Loom
12:19 Feudal Age
13:00 Man-at-Arms
14:07 Town Watch
16:43 Fletching
16:54 Scale Mail Armor
16:57 Padded Archer Armor
17:31 Forging
22:59 Castle Age
20:51 Double-Bit Axe
20:52 Horse Collar
21:14 Arson
21:39 Gold Mining
24:10 Bodkin Arrow
23:38 Crossbowman
24:22 Squires
25:18 Town Patrol
25:12 Pikeman
26:40 Gambesons
27:20 Chain Mail Armor
32:31 Wheelbarrow
32:12 Bow Saw
31:54 Stone Mining
35:48 Iron Casting
35:29 Leather Archer Armor
34:38 Eagle Warrior
36:33 Murder Holes
36:19 Treadmill Crane
36:52 Fortified Wall
37:51 Hand Cart
38:06 Atlatl
38:57 Long Swordsman
43:43 Imperial Age
42:38 Gold Shaft Mining
42:40 Stone Shaft Mining
42:43 Heavy Plow
45:47 Blast Furnace
45:17 Plate Mail Armor
44:16 Two-Handed Swordsman
44:31 Capped Ram
45:40 Ballistics
45:30 Siege Engineers
45:51 Champion
Metal
4:00 Loom
11:30 Feudal Age
15:15 Fletching
19:59 Castle Age
18:28 Double-Bit Axe
19:12 Horse Collar
19:16 Man-at-Arms
20:36 Forging
25:05 Scale Barding Armor
28:57 Scale Mail Armor
32:02 Elite Skirmisher
33:40 Chain Mail Armor
36:45 Iron Casting
37:41 Wheelbarrow
36:56 Town Watch
38:23 Bodkin Arrow
43:42 Imperial Age
42:45 Bow Saw
42:39 Heavy Plow
43:02 Ballistics
44:47 Conscription
Connection lost

Rejoining the realm…

Still unreachable

The connection could not be restored.

Session expired

The server has moved on; the page needs a fresh start.